 Dungeon Crawl Stone Soup version 0.23.2-40-g277498a (webtiles) character file.

Game seed: 2662649056117930686

16 zhovat1 the Magician (level 2, -2/18 HPs)
             Began as an Octopode Wizard on Aug 16, 2019.
             Slain by a worm (11 damage)
             ... on level 1 of the Dungeon.
             The game lasted 00:01:45 (1140 turns).

zhovat1 the Magician (Octopode Wizard)              Turns: 1140, Time: 00:01:46

Health: -2/18      AC:  1    Str:  6    XL:     2   Next: 58%
Magic:  1/6        EV: 13    Int: 20    God:
Gold:   78         SH:  0    Dex: 12    Spells: 2/7 levels left

rFire    . . .     SeeInvis .   (no weapon)
rCold    . . .     Gourm    .   (no shield)
rNeg     . . .     Faith    .   a - +0 hat
rPois    .         Spirit   .   (no amulet)
rElec    .         Reflect  .   h - +2 ring of dexterity (curse)
rCorr    .         Harm     .   (no ring)
MR       .....                  (no ring)
Stlth    +++.......             (no ring)
HPRegen  0.06/turn              (no ring)
MPRegen  0.10/turn              (no ring)
                                (no ring)
                                (no ring)

@: no status effects
A: almost no armour, stealthy swim, amphibious, 8 rings, constrict 8, camouflage
1, gelatinous body 1
a: no special abilities


You were on level 1 of the Dungeon.
You were hungry.

You visited 1 branch of the dungeon, and saw 2 of its levels.

You collected 78 gold pieces.

Inventory:

Hand Weapons
 g - a +0 dagger
Armour
 a - a +0 hat (worn)
Jewellery
 h - a cursed +2 ring of dexterity (left tentacle)
Scrolls
 b - a scroll of enchant weapon {unknown}
 d - 2 scrolls of enchant armour {unknown}
 e - 2 scrolls of remove curse {unknown}
 f - a scroll of immolation {unknown}
 l - a scroll of fear {unknown}
Potions
 i - 3 potions of curing {unknown}
 k - 2 potions of resistance {unknown}
Comestibles
 c - 4 rations
 j - 2 chunks of flesh


   Skills:
 - Level 0.4 Fighting
 - Level 2.1 Dodging
 - Level 2.6 Stealth
 + Level 3.1 Spellcasting
 + Level 1.5 Conjurations
 + Level 1.1 Summonings
 + Level 1.2 Translocations


You had 2 spell levels left.
You knew the following spells:

 Your Spells              Type           Power        Failure   Level  Hunger
a - Magic Dart            Conj           #...         8%          1    None
b - Blink                 Tloc           N/A          13%         2    ##.....
c - Call Imp              Summ           #.......     13%         2    ##.....

Your spell library contained the following spells:

 Spells                   Type           Power        Failure   Level  Hunger
 Slow                     Hex            #.......     22%         2    ##.....
 Conjure Flame            Conj/Fire      #.......     30%         3    ###....
 Mephitic Cloud           Conj/Pois/Air  #.......     34%         3    ###....


Dungeon Overview and Level Annotations

Branches:
Dungeon (2/15)

Altars:
Nemelex Xobeh


Innate Abilities, Weirdness & Mutations

You cannot wear most types of armour.
You are very stealthy in the water. (Stealth+)
You are amphibious.
You can wear up to eight rings at the same time.
You can use your tentacles to constrict eight enemies at once.
Your skin changes colour to match your surroundings (Stealth+).
Your rubbery body absorbs attacks. (AC +1, EV +1)


Message History

Your crimson imp hits the worm.
Your crimson imp hits the worm.
Your crimson imp hits the worm.
The worm closely misses your crimson imp.
Your crimson imp hits the worm.
The worm bites your crimson imp.
Your crimson imp hits the worm but does no damage.
Your crimson imp hits the worm.
The worm barely misses your crimson imp.
Your crimson imp blinks!
Your crimson imp blinks!
There is a stone staircase leading down here.
Your crimson imp disappears in a puff of smoke!
Casting: Magic Dart (safe; 8% risk of failure)
Confirm with . or Enter, or press ? or * to list all spells.
A beastly little devil appears in a puff of flame.
Your crimson imp says, "I'm here!"
The worm bites you!
Ouch! That really hurt!
You die...

..).......# #.#.....÷...# ≈§≈
#...#####.####.##....#.### §≈
######.......#..>....#...# ######
#.##.##.#.####..##### #.....
#.##.##.#.......# ###)##
######.##.##.#####...# #.#
#............# #...# #.#
..##.#.......#####...##### #.#
..##.##^#.#.##5.@........#####.##
.....##.#.#......w.......§..##.#.
..####......##...........##.##.#.
..####..#.#.####......#####......
#.......#.#[# #.#....# ###.###
######.##.#.# #.#.>..# #.#
.......##.#.# #.#....# #.#
.####..##.#.# ##.##.#.# #.#
.####.(.....###.....[.## ###.###


You could see a worm and a friendly crimson imp.

Vanquished Creatures
  A ball python (D:1)
  2 goblins (D:2)
  A hobgoblin (D:1)
  2 kobolds (D:1)
  5 bats
  2 frilled lizards (D:2)
  2 rats
15 creatures vanquished.

Notes
Turn   | Place    | Note
-------+----------+-------------------------------------------
     0 | D:1      | zhovat1 the Octopode Wizard began the quest for the Orb.
     0 | D:1      | Reached XP level 1. HP: 11/11 MP: 4/4
   180 | D:1      | Reached XP level 2. HP: 18/18 MP: 4/6
   203 | D:1      | Learned a level 2 spell: Blink
   206 | D:1      | Learned a level 2 spell: Call Imp
   862 | D:2      | Found a sparkling altar of Nemelex Xobeh.
  1140 | D:1      | Slain by a worm

Action                   || total
-------------------------++-------
 Cast: Magic Dart        ||    42
       Call Imp          ||     3
Armor: Skin              ||     1
Dodge: Dodged            ||     9
